 Dungeon Crawl Stone Soup version 0.30-a0-4-ga7cffc901d (webtiles) character file.

Game seed: 13849894434134209583

151316 Zonian the Marksspriggan (level 17, -7/85 HPs)
             Began as a Spriggan Brigand on Aug 21, 2022.
             Was an Initiate of Gozag.
             Killed from afar by a nagaraja (33 damage)
             ... with a bolt of poison
             ... on level 4 of the Snake Pit.
             The game lasted 02:29:09 (48890 turns).

Zonian the Marksspriggan (Spriggan Brigand)        Turns: 48890, Time: 02:29:39

Health: -7/85      AC: 11    Str: 12    XL:     17   Next: 0%
Magic:  29/34      EV: 32    Int: 16    God:    Gozag
Gold:   2577       SH:  5    Dex: 24    Spells: 9/40 levels left

rFire   . . .      SeeInvis +    k - +9 shortbow "Pafullott" {freeze, rC++ rCorr}
rCold   + + .      Faith    .    (shield currently unavailable)
rNeg    . . .      Spirit   .    g - +3 steam dragon scales
rPois   .          Reflect  +    (helmet restricted)
rElec   .          Harm     .    a - +2 cloak of Defence {Str+5 Int+3 Slay+2}
rCorr   +          Rampage  .    (gloves unavailable)
Will    +++..                    (boots unavailable)
Stlth   ++++++....               T - amulet of reflection
HPRegen 0.24/turn                m - +4 ring of evasion
MPRegen 0.24/turn                u - ring of the Scavenger {Will+ Slay+6}

@: lethally poisoned (-7 -> -26), portalling projectiles, very quick
A: very small, no large weapons, unfitting armour, see invisible, speed 3
a: Renounce Religion, Potion Petition, Call Merchant, Bribe Branch


You were on level 4 of the Snake Pit.
You worshipped Gozag.
Gozag was most pleased with you.
You visited 4 branches of the dungeon, and saw 26 of its levels.
You also visited: Ossuary and Gauntlet.

You collected 10483 gold pieces.
You spent 5424 gold pieces at shops.
You paid 2482 gold pieces to Gozag.

Inventory:

Hand Weapons
 b - the +9 staff of Wucad Mu {*channel}
   (You found it on level 2 of the Snake Pit)

   It occasionally powers its wielder's spells, but with a chance of causing
   confusion or draining the wielder's intelligence.
   It becomes more likely to activate and less likely to backfire with increased
   Evocations skill.
 k - the +9 shortbow "Pafullott" (weapon) {freeze, rC++ rCorr}
   (You bought it in a shop on level 2 of the Dungeon)

   Any ammunition fired from it freezes those it strikes, dealing additional
   cold damage.
   It can also slow down cold-blooded creatures.
   rC:        It greatly protects you from cold.
   rCorr:     It protects you from acid and corrosion.
 n - the +7 short sword of Byrui {holy, rN+}
   (You found it on level 2 of the Dungeon)

   It has been blessed by the Shining One to cause great damage to the undead
   and demons.
   rN:        It protects you from negative energy.
 r - the +11 war axe of the Fuzzy God {holy, Str+3 Int+4 Stlth+}
   (You found it on level 5 of the Lair of Beasts)

   It has been blessed by the Shining One to cause great damage to the undead
   and demons.
   Str:       It affects your strength (+3).
   Int:       It affects your intelligence (+4).
   Stlth:     It makes you more stealthy.
 t - a +4 sling of flaming
 A - a +3 long sword of protection
 G - a +4 rapier of venom
 S - a +0 scimitar of flaming
Missiles
 d - 40 poisoned darts
 e - 2 curare-tipped darts
 p - 25 boomerangs
 O - 2 throwing nets
Armour
 a - the +2 cloak of Defence (worn) {Str+5 Int+3 Slay+2}
   (You found it in a Gauntlet)

   Str:       It affects your strength (+5).
   Int:       It affects your intelligence (+3).
   Slay:      It affects your accuracy & damage with ranged weapons and melee
   (+2).
 g - +3 steam dragon scales (worn)
 Q - a +2 cloak of poison resistance
Jewellery
 j - a ring of fire
 m - a +4 ring of evasion (left hand)
 q - a ring of willpower
 u - the ring of the Scavenger (right hand) {Will+ Slay+6}
   (You bought it in a shop on level 2 of the Dungeon)

   [ring of willpower]

   Slay:      It affects your accuracy & damage with ranged weapons and melee
   (+6).
   Will:      It increases your willpower.
 C - an amulet of regeneration
 E - a ring of ice
 I - a ring of wizardry
 P - an amulet of guardian spirit
 T - an amulet of reflection (around neck)
 W - a ring of protection from fire
Wands
 f - a wand of digging (4)
 o - a wand of flame (25)
 s - a wand of paralysis (15)
 H - a wand of mindburst (16)
 N - a wand of polymorph (4)
 R - a wand of iceblast (9)
Scrolls
 w - 3 scrolls of blinking
 x - a scroll of poison
 y - 3 scrolls of butterflies
 F - 4 scrolls of identify
 J - 13 scrolls of teleportation
 L - a scroll of magic mapping
 U - a scroll of silence
 V - 6 scrolls of fear
Potions
 c - 2 potions of ambrosia
 h - 16 potions of curing
 i - 10 potions of haste
 l - 3 potions of brilliance
 v - a potion of magic
 z - 7 potions of flight
 B - 4 potions of resistance
 D - 3 potions of lignification
 K - 4 potions of invisibility
 X - a potion of berserk rage
 Y - 3 potions of might
Miscellaneous
 M - a lightning rod (4/4)
 Z - a box of beasts


   Skills:
 - Level 8.0 Fighting
 - Level 14.0 Short Blades
 - Level 16.0 Ranged Weapons
 - Level 2.2 Throwing
 - Level 10.7 Dodging
 - Level 13.8 Stealth
 + Level 12.1 Spellcasting
 + Level 11.7 Hexes
 + Level 6.9 Necromancy
 + Level 3.7 Translocations
 - Level 8.0 Transmutations
 - Level 12.0 Evocations


You had 9 spell levels left.
You knew the following spells:

 Your Spells              Type           Power      Damage    Failure   Level
a - Wereblood             Tmut           35%        N/A       1%          2
b - Beastly Appendage     Tmut           70%        N/A       1%          1
c - Confusing Touch       Hex            47%        N/A       1%          3
d - Summon Guardian Gole  Hex/Summ       28%        N/A       1%          3
e - Blade Hands           Tmut           17%        N/A       8%          5
f - Tukima's Dance        Hex            47%        N/A       1%          3
g - Dispel Undead         Necr           31%        3d14      4%          4
h - Portal Projectile     Hex/Tloc       68%        N/A       1%          3
i - Vampiric Draining     Necr           31%        2d8       1%          3
j - Anguish               Hex/Necr       19%        N/A       1%          4

Your spell library contained the following spells:

 Spells                   Type           Power      Damage    Failure   Level
 Apportation              Tloc           42%        N/A       1%          1
 Necrotise                Necr           100%       1d9       1%          1
 Slow                     Hex            100%       N/A       1%          1
 Ensorcelled Hibernation  Hex/Ice        56%        N/A       1%          2
 Inner Flame              Hex/Fire       28%        N/A       1%          3
 Passwall                 Tmut/Erth      18%        N/A       2%          2
 Spider Form              Tmut/Pois      22%        N/A       4%          3
 Foxfire                  Conj/Fire      36%        2x1d5     8%          1
 Summon Small Mammal      Summ           36%        N/A       8%          1
 Static Discharge         Conj/Air       9%         3-5/arc   11%         2
 Agony                    Necr           31%        N/A       12%         5
 Petrify                  Tmut/Erth      22%        N/A       14%         4
 Passage of Golubria      Tloc           21%        N/A       16%         4
 Metabolic Englaciation   Hex/Ice        14%        N/A       19%         5
 Silence                  Hex/Air        14%        N/A       19%         5
 Call Canine Familiar     Summ           9%         N/A       22%         3
 Conjure Flame            Conj/Fire      9%         6-21      22%         3
 Stone Arrow              Conj/Erth      18%        3d8       22%         3
 Swiftness                Air            9%         N/A       22%         3
 Alistair's Intoxication  Tmut/Pois      14%        N/A       36%         5
 Enfeeble                 Hex            23%        N/A       45%         7
 Animate Armour           Summ/Erth      18%        N/A       58%         4
 Flame Wave               Conj/Fire      9%         2d6       58%         4
 Sticky Flame             Conj/Fire      9%         2d3       58%         4
 Statue Form              Tmut/Erth      14%        N/A       91%         6
 Discord                  Hex            23%        N/A       98%         8
 Conjure Ball Lightning   Conj/Air       4%         3x3d6     100%        6
 Disjunction              Tloc           10%        N/A       100%        8
 Lehudib's Crystal Spear  Conj/Erth      4%         10d3      100%        8


Dungeon Overview and Level Annotations

Branches:
Dungeon (15/15)            Temple (0/1) D:6            Lair (5/5) D:8
 Shoals (0/4) Lair:3        Snake (4/4) Lair:3        Slime (0/5) Lair:5
    Orc (2/2) D:10            Elf (0/3) Orc:2        Vaults (0/5) D:13
 Depths (0/4) D:15        Ossuary (visited)         Gauntlet (visited)

Altars:
Cheibriados
Dithmenos
Elyvilon
Gozag
Hepliaklqana
Makhleb
Trog
Uskayaw
Jiyva

Shops:
D:2 (=![!   D:10 :   D:13 *   Orc:2 *?([   Snake:1 ::=   Snake:4 [[*:

Portals:
Abyss: D:8
Trove: D:14 (give 2 scrolls of acquirement)

Annotations:
D:2 1 exclusion, Sigmund
D:8 2 transporters, amoryguerra's ghost, novice MiBe
Snake:3 Asterion


Innate Abilities, Weirdness & Mutations

You are very small and have problems with some larger weapons.
You are too small for most types of armour.
You have supernaturally acute eyesight. (SInv)
You cover ground extremely quickly. (Speed+++)


Message History

Your butterfly disappears in a burst of colours!
Fire: k) +9 shortbow "Pafullott" {freeze, rC++ rCorr}
Press: ? - help, Q - select action, (/) - cycle Shift-Dir - straight line, f - nagaraja
Aim: a nagaraja, wielding a +0 club and wearing a +0 robe (heavily wounded, fast, ally target, 81% to hit)
You shoot an arrow. The arrow hits the nagaraja!
The arrow freezes the nagaraja.
The nagaraja is severely wounded.
Unknown command.
The nagaraja spits poison at you. The splash of poison misses you.
Unknown command.
Unknown command.
Casting: Wereblood (safe; 1% risk of failure)
Confirm with . or Enter, or press ? or * to list all spells.
You begin teleporting projectiles to their destination.
Unknown command.
Fire: k) +9 shortbow "Pafullott" {freeze, rC++ rCorr}
Press: ? - help, Q - select action, (/) - cycle Shift-Dir - straight line, f/p - nagaraja
Aim: a nagaraja, wielding a +0 club and wearing a +0 robe (severely wounded, fast, ally target, 84% to hit)
You magically shoot an arrow.
The arrow barely misses the nagaraja.
The nagaraja hits your butterfly with a +0 club!!
Your butterfly dies!
Your butterfly disappears in a burst of colours!
Fire: k) +9 shortbow "Pafullott" {freeze, rC++ rCorr}
Press: ? - help, Q - select action, (/) - cycle Shift-Dir - straight line, f/p - nagaraja
Aim: a nagaraja, wielding a +0 club and wearing a +0 robe (severely wounded, fast, ally target, 84% to hit)
You magically shoot an arrow.
The arrow hits the nagaraja.
The arrow freezes the nagaraja.
The nagaraja is severely wounded.
The nagaraja points at you and mumbles some strange words.
The bolt of poison hits your butterfly!!!
Your butterfly dies!
Your butterfly disappears in a burst of colours!
The bolt of poison hits your butterfly!!
Your butterfly dies!
Your butterfly disappears in a burst of colours!
The bolt of poison hits you!!
You are poisoned.
You die...
Your body crumbles into a pile of gold.

,***,,,.....................###..
,,,****...............#######.###
,,,,,,*#..............#.........#
,*,,,,,#..............#.........'
*****,,#..............#.........#
,*****,##............##.........#
,*,,*,,,##......<....#..........#
,,,,..,,,#....)......'..........#
**,,...,,#......@b)..##.........#
****#...*#....b.b)...#....#.#...#
*** ##8.####.........##...#.#...#
,,**#.....##8.b...b...#..##.##..#
,,,*........N.........#..#...#..#
8,,+...⌠.....))....########.#####
,,,*.....$....b..........#...#...
,,**#.....##8......###.....∩.....
*** ##8.####........####.#...#.##


You could see a nagaraja (fast, ally target).

Vanquished Creatures
  Vashnia (Snake:3)
  Mlioglotl (Snake:3)
  Rupert (D:15)
  A nagaraja (Snake:2)
  Aizul (Snake:1)
  An orc warlord (Orc:1)
  A very ugly thing (D:15)
  Azrael (Snake:1)
  A minotaur (Gauntlet)
  An ettin (Orc:2)
  A salamander tyrant (Snake:2)
  A rakshasa (D:15)
  A catoblepas (Lair:5)
  4 hydras
  A boulder beetle (D:11)
  A merfolk avatar (Lair:5)
  A catoblepas (shapeshifter) (D:15)
  Erica (D:8)
  4 two-headed ogres
  13 naga warriors
  2 dancing weapons (D:13)
  5 anacondas
  15 death yaks
  A death knight (D:15)
  2 orc high priests
  2 centaur warriors
  2 tengu warriors (D:15)
  15 naga sharpshooters
  2 shock serpents
  A deep elf knight (Orc:1)
  2 sixfirhies (Gauntlet)
  3 sea snakes
  A salamander mystic (Snake:2)
  5 skeletal warriors
  A glowing orange brain (D:15)
  6 naga ritualists
  2 wizards
  2 harpies (Lair:5)
  A deep elf zephyrmancer (Orc:1)
  15 ugly things
  5 deep elf pyromancers
  8 mana vipers
  4 manticores
  8 salamanders
  A cyclops (D:15)
  6 orc sorcerers
  An oklob plant (Snake:3)
  4 guardian serpents
  3 elephants (Gauntlet)
  Joseph (D:8)
  14 naga magi
  A torpor snail (Gauntlet)
  34 black mambas
  10 cane toads
  2 gargoyles (D:10)
  Maggie (D:9)
  An efreet (D:15)
  5 orange demons (D:14)
  7 rime drakes
  Psyche (D:8)
  7 komodo dragons
  A tengu conjurer (D:13)
  3 red devils (D:14)
  3 trolls
  6 meliai
  5 polar bears
  2 wind drakes
  Prince Ribbit (D:9)
  3 snapping turtles (Lair:5)
  14 blink frogs
  12 slime creatures
  A spriggan (Lair:4)
  A shadow (D:11)
  14 wyverns
  Eustachio (D:6)
  A vampire (D:14)
  2 fire elementals (Snake:1)
  54 yaks
  2 wraiths
  5 vampire mosquitoes
  2 fire bats (Gauntlet)
  4 basilisks (D:14)
  37 nagas
  5 wargs
  5 hell hounds
  13 water moccasins
  18 orc warriors
  2 sky beasts
  10 black bears
  An ogre (shapeshifter) (D:14)
  2 ice beasts
  4 ogres
  3 boggarts
  18 wolves
  4 centaurs
  A phantom (D:7)
  A kobold brigand (D:7)
  8 bullfrogs
  2 necrophages
  11 scorpions
  A gnoll sergeant (D:7)
  20 wights
  11 killer bees
  2 electric eels
  2 centaur zombies (Ossuary)
  3 human zombies (Ossuary)
  6 jellies
  16 orc priests
  5 hounds
  3 gnoll boudas
  27 orc wizards
  4 iguanas
  5 scorpion zombies (Ossuary)
  Natasha (twice) (D:4)
  7 hell rats
  3 mummies (Ossuary)
  Robin (D:2)
  6 adders
  23 gnolls
  2 shadow imps (D:6)
  2 white imps
  An ufetubus (D:7)
  3 dart slugs
  55 orcs
  8 ball pythons
  12 endoplasms
  5 giant cockroaches
  16 goblins
  12 hobgoblins
  7 quokkas
  2 bats
  4 frilled lizards
  A gnoll zombie (Ossuary)
  A goblin zombie (Ossuary)
  2 hobgoblin zombies (Ossuary)
  11 kobolds
  A kobold zombie (Ossuary)
  4 orc zombies (Ossuary)
  5 rats
  A butterfly (Lair:3)
831 creatures vanquished.

Vanquished Creatures (others)
  A naga (Snake:2)
  An orc priest (Orc:2)
  14 demonic plants (Gauntlet)
  52 fungi
  115 plants
183 creatures vanquished.

Grand Total: 1014 creatures vanquished

Notes
Turn   | Place    | Note
-------+----------+-------------------------------------------
     0 | D:1      | Zonian the Spriggan Brigand began the quest for the Orb.
     0 | D:1      | Reached XP level 1. HP: 10/10 MP: 2/2
   338 | D:1      | Reached XP level 2. HP: 14/14 MP: 3/3
  1234 | D:1      | Reached XP level 3. HP: 18/18 MP: 4/4
  1933 | D:2      | Found Guig's Distillery.
  1989 | D:2      | Noticed Sigmund
  2027 | D:2      | Found Manoyshro's Antique Armour Boutique.
  2233 | D:2      | Identified the +7 short sword of Byrui {holy, rN+}
  2337 | D:2      | Bought a potion of curing for 39 gold pieces
  2366 | D:2      | Found Junnept's Jewellery Shop.
  2378 | D:2      | Reached XP level 4. HP: 22/22 MP: 5/5
  2388 | D:2      | Found Yryateky's Antique Weapon Emporium.
  2579 | D:2      | Found Xyerghyni's Distillery.
  2600 | D:2      | Bought a potion of curing for 42 gold pieces
  2629 | D:2      | Found a faded altar of an unknown god.
  3026 | D:3      | Noticed Robin
  3572 | D:2      | Killed Robin
  3889 | D:3      | Reached XP level 5. HP: 23/25 MP: 6/6
  3998 | D:3      | Found a hide-covered altar of Uskayaw.
  4702 | D:3      | Found a burning altar of Makhleb.
  4702 | D:3      | Noticed a balrug
  4706 | D:3      | Noticed an orange demon
  4706 | D:3      | Noticed a ynoxinul
  5187 | D:4      | Identified the +1 ring mail of Virtue {+Blink rElec rPois}
  5242 | D:4      | Reached XP level 6. HP: 30/30 MP: 7/7
  5395 | D:4      | Reached skill level 5 in Dodging
  5626 | D:4      | Noticed Natasha
  5635 | D:4      | Killed Natasha
  5935 | D:4      | Identified a scroll of acquirement
  5935 | D:4      | Acquired 917 gold pieces
  6048 | D:2      | Bought the ring of the Scavenger {Will+ Slay+6} for 743
                  | gold pieces
  6121 | D:2      | Bought a fine robe for 131 gold pieces
  6121 | D:2      | Identified the +1 robe of the Scribe {rElec rC- rN+++
                  | Int-2} (You bought it in a shop on level 2 of the Dungeon)
  6275 | D:4      | Noticed Natasha
  6282 | D:4      | Killed Natasha
  6334 | D:5      | Entered Level 5 of the Dungeon
  6353 | D:5      | Reached skill level 5 in Short Blades
  6396 | D:5      | Reached XP level 7. HP: 19/33 MP: 8/8
  6932 | D:5      | Found an opulent altar of Gozag.
  6954 | D:5      | Became a worshipper of Gozag Ym Sagoz the Greedy
  7244 | D:5      | Reached skill level 10 in Stealth
  7575 | D:5      | Reached XP level 8. HP: 15/37 MP: 9/9
  8494 | D:6      | Found a bloodstained altar of Trog.
  8511 | D:6      | Found a hazy altar of Hepliaklqana.
  8605 | D:6      | Found a staircase to the Ecumenical Temple.
  8942 | D:6      | Noticed Eustachio
  8979 | D:6      | Killed Eustachio
  9390 | D:7      | Reached XP level 9. HP: 42/42 MP: 10/10
  9724 | D:7      | Found a sand-covered staircase.
  9734 | Ossuary  | Entered an ossuary
 10522 | Ossuary  | Reached skill level 10 in Dodging
 10818 | D:7      | Identified the +1 scale mail of the Trees {rCorr SInv}
 11286 | D:8      | Found a transporter.
 11290 | D:8      | Noticed Erica
 11322 | D:8      | Noticed a two-headed ogre
 11569 | D:2      | Bought an amulet of guardian spirit for 390 gold pieces
 11845 | D:2      | Bought a glowing cloak for 172 gold pieces
 11965 | D:8      | Noticed Psyche
 12009 | D:8      | Found a one-way gate to the infinite horrors of the Abyss.
 12009 | D:8      | Noticed amoryguerra's ghost (novice MiBe)
 12014 | D:8      | Found a transporter.
 12014 | D:8      | Noticed a toenail golem
 12942 | D:8      | Reached XP level 10. HP: 39/46 MP: 9/11
 13155 | D:8      | Reached skill level 10 in Short Blades
 13237 | D:8      | Found a staircase to the Lair.
 13271 | D:8      | Killed Psyche
 13323 | D:8      | Noticed Joseph
 13793 | D:8      | Killed Erica
 14119 | D:8      | Killed Joseph
 14228 | Lair:1   | Entered Level 1 of the Lair of Beasts
 14571 | Lair:1   | Reached XP level 11. HP: 49/49 MP: 12/12
 14611 | Lair:1   | Noticed a five-headed hydra
 14965 | Lair:1   | Reached skill level 1 in Spellcasting
 15660 | Lair:2   | Reached skill level 5 in Spellcasting
 15963 | Lair:2   | Learned a level 2 spell: Wereblood
 16262 | D:2      | Bought a potion of heal wounds for 65 gold pieces
 16262 | D:2      | Bought a potion of heal wounds for 65 gold pieces
 16302 | D:2      | Bought a potion of haste for 140 gold pieces
 16302 | D:2      | Bought a potion of heal wounds for 70 gold pieces
 16302 | D:2      | Bought a potion of heal wounds for 70 gold pieces
 16371 | D:2      | Bought an ichor-stained shortbow for 184 gold pieces
 16371 | D:2      | Identified the +9 shortbow "Pafullott" {freeze, rC++ rCorr}
                  | (You bought it in a shop on level 2 of the Dungeon)
 16588 | Lair:2   | Reached skill level 1 in Transmutations
 17085 | Lair:2   | Reached skill level 5 in Transmutations
 17420 | Lair:3   | Learned a level 1 spell: Beastly Appendage
 17426 | Lair:3   | Found a staircase to the Shoals.
 17755 | Lair:3   | Reached XP level 12. HP: 53/53 MP: 26/26
 17803 | Lair:3   | Reached skill level 10 in Spellcasting
 17840 | Lair:3   | Found a staircase to the Snake Pit.
 18083 | Lair:3   | Noticed a six-headed hydra
 18098 | Lair:3   | Killed a two-headed hydra
 18944 | Lair:4   | Reached skill level 1 in Evocations
 19148 | Lair:4   | Noticed a death yak
 19168 | Lair:4   | Noticed a death yak
 19188 | Lair:4   | Killed a death yak
 19394 | Lair:4   | Noticed a death yak
 19395 | Lair:4   | Noticed a death yak
 19397 | Lair:4   | Noticed a death yak
 19414 | Lair:4   | Killed a death yak
 19429 | Lair:4   | Killed a death yak
 19458 | Lair:4   | Killed a death yak
 19459 | Lair:4   | Reached skill level 5 in Evocations
 19468 | Lair:4   | Killed a death yak
 20420 | Lair:5   | Entered Level 5 of the Lair of Beasts
 20709 | Lair:5   | Noticed a death yak
 20709 | Lair:5   | Noticed a death yak
 20710 | Lair:5   | Noticed a death yak
 20712 | Lair:5   | Noticed a death yak
 21013 | Lair:5   | Found a staircase to the Slime Pits.
 21070 | Lair:5   | Noticed a six-headed hydra
 21156 | Lair:5   | Found a viscous altar of Jiyva.
 21167 | Lair:5   | Identified the +11 war axe of the Fuzzy God {holy, Str+3
                  | Int+4 Stlth+}
 21822 | Lair:5   | Reached skill level 10 in Evocations
 21884 | Lair:5   | Reached XP level 13. HP: 57/57 MP: 30/30
 23386 | Lair:5   | Reached skill level 5 in Fighting
 24296 | Lair:5   | Identified the +1 ring mail "Jetefurgh" {Dex+2}
 24307 | Lair:5   | Identified the +7 trident "Earthworm" {venom, Dex+4}
 25122 | D:9      | Noticed Maggie
 25130 | D:9      | Killed Maggie
 25317 | D:9      | Noticed Prince Ribbit
 25327 | D:9      | Killed Prince Ribbit
 25412 | D:10     | Entered Level 10 of the Dungeon
 25824 | D:10     | Found a staircase to the Orcish Mines.
 25972 | D:10     | Identified the +5 scale mail of the Salmon {MP+9}
 26089 | D:10     | Reached skill level 1 in Ranged Weapons
 26386 | D:11     | Reached skill level 2 in Ranged Weapons
 26648 | D:11     | Reached skill level 3 in Ranged Weapons
 26807 | D:11     | Reached XP level 14. HP: 73/73 MP: 31/31
 26969 | D:11     | Reached skill level 4 in Ranged Weapons
 27217 | D:12     | Found a gate leading to a gauntlet.
 27218 | D:12     | Identified the +1 pair of gloves of Activism {-Cast +Inv
                  | Dex+5 SInv}
 27252 | Gauntlet | Entered a Gauntlet
 27252 | Gauntlet | Found a transporter.
 27255 | Gauntlet | Found a large runed translucent door.
 27256 | Gauntlet | Found a large runed translucent door.
 27257 | Gauntlet | Found a large runed translucent door.
 27257 | Gauntlet | Found a large runed translucent door.
 27257 | Gauntlet | Found a runed translucent door.
 27257 | Gauntlet | Found a runed translucent door.
 27258 | Gauntlet | Found a large runed translucent door.
 27259 | Gauntlet | Found a large runed translucent door.
 27260 | Gauntlet | Found a large runed translucent door.
 27260 | Gauntlet | Found a large runed translucent door.
 27261 | Gauntlet | Found a runed translucent gate.
 27261 | Gauntlet | Found a runed translucent gate.
 27261 | Gauntlet | Found a runed translucent gate.
 27263 | Gauntlet | Found a transporter.
 27273 | Gauntlet | Found a large runed translucent door.
 27273 | Gauntlet | Found a large runed translucent door.
 27274 | Gauntlet | Found a large runed translucent door.
 27275 | Gauntlet | Found a large runed translucent door.
 27281 | Gauntlet | Found a transporter.
 27289 | Gauntlet | Found a transporter.
 27308 | Gauntlet | Noticed a quicksilver ooze
 27352 | Gauntlet | Found a transporter.
 27368 | Gauntlet | Found a transporter.
 27397 | Gauntlet | Found a transporter.
 27397 | Gauntlet | Found the +3 pair of mountain boots {steadfast, rC+}
 27399 | Gauntlet | Found a transporter.
 27401 | Gauntlet | Found a transporter.
 27480 | Gauntlet | Found a large runed translucent door.
 27494 | Gauntlet | Found a transporter.
 27575 | Gauntlet | Found a large runed translucent door.
 27576 | Gauntlet | Found a transporter.
 27576 | Gauntlet | Found a large runed translucent door.
 27576 | Gauntlet | Found a large runed translucent door.
 27623 | Gauntlet | Reached skill level 5 in Ranged Weapons
 27943 | Gauntlet | Found a transporter.
 27968 | Gauntlet | Identified the +2 cloak of Defence {Str+5 Int+3 Slay+2}
 27986 | Gauntlet | Found a transporter.
 27991 | Gauntlet | Found a transporter.
 28170 | Gauntlet | Reached skill level 6 in Ranged Weapons
 28685 | D:12     | Found a white marble altar of Elyvilon.
 29144 | D:12     | Reached skill level 7 in Ranged Weapons
 30592 | D:13     | Found a shadowy altar of Dithmenos.
 30655 | D:13     | Reached skill level 8 in Ranged Weapons
 30962 | D:13     | Found a gate to the Vaults.
 31550 | D:13     | Reached skill level 9 in Ranged Weapons
 31915 | D:13     | Bought a lightning rod (4/4) for 420 gold pieces
 32295 | D:14     | Identified the +9 glaive "Dag Raf" {vorpal, *Noise Fly rF+
                  | rN++}
 32317 | D:14     | Reached skill level 10 in Ranged Weapons
 33612 | D:14     | Reached skill level 11 in Ranged Weapons
 34076 | D:14     | Reached skill level 12 in Ranged Weapons
 34195 | D:14     | Reached XP level 15. HP: 65/77 MP: 32/32
 34482 | D:14     | Found a portal to a secret trove of treasure.
 35023 | D:15     | Entered Level 15 of the Dungeon
 35512 | D:15     | Noticed Rupert
 35519 | D:15     | Reached skill level 13 in Ranged Weapons
 35520 | D:15     | Killed Rupert
 36062 | D:15     | Found a staircase to the Depths.
 36368 | D:15     | Learned a level 3 spell: Confusing Touch
 36442 | Orc:1    | Entered Level 1 of the Orcish Mines
 36565 | Orc:1    | You fall into a shaft and drop 1 floor!
 36565 | Orc:2    | Entered Level 2 of the Orcish Mines
 36565 | Orc:2    | Found a staircase to the Elven Halls.
 36611 | Orc:2    | Found a frozen archway.
 36666 | Orc:1    | Reached skill level 1 in Hexes
 36984 | Orc:1    | Identified the +8 scimitar "Jitaryom" {chaos, rPois rN+
                  | Str+2}
 37185 | Orc:1    | Noticed an orc warlord
 37197 | Orc:1    | Killed an orc warlord
 37216 | Orc:1    | Reached skill level 14 in Ranged Weapons
 38142 | Orc:2    | Reached skill level 5 in Hexes
 38186 | Orc:2    | Found Minofozu's Armour Boutique.
 38186 | Orc:2    | Found Heq Quux's Magic Scroll Shop.
 38187 | Orc:2    | Found Bocilugh's General Store.
 38193 | Orc:2    | Found Vawunouck's Antique Weapon Boutique.
 38197 | Orc:2    | Bought 3 scrolls of teleportation for 162 gold pieces
 38197 | Orc:2    | Bought a scroll of teleportation for 54 gold pieces
 38197 | Orc:2    | Bought a scroll of enchant armour for 135 gold pieces
 38197 | Orc:2    | Bought a scroll of fear for 72 gold pieces
 38199 | Orc:2    | Bought a potion of magic for 104 gold pieces
 38199 | Orc:2    | Bought a wand of paralysis (3) for 93 gold pieces
 38199 | Orc:2    | Bought a potion of curing for 39 gold pieces
 38199 | Orc:2    | Bought a potion of might for 52 gold pieces
 38199 | Orc:2    | Bought a scroll of butterflies for 52 gold pieces
 38589 | Snake:1  | Entered Level 1 of the Snake Pit
 39219 | Snake:1  | Noticed Azrael
 39237 | Snake:1  | Killed Azrael
 40280 | Snake:1  | Found Lusowyvi's Book Shop.
 40281 | Snake:1  | Found Zekkiw's Jewellery Emporium.
 40283 | Snake:1  | Found Zorhix's Book Shop.
 40288 | Snake:1  | Bought a book of Weapons for 448 gold pieces
 40297 | Snake:1  | Learned a level 3 spell: Summon Guardian Golem
 40303 | Snake:1  | Learned a level 5 spell: Blade Hands
 40307 | Snake:1  | Learned a level 3 spell: Tukima's Dance
 40312 | Snake:1  | Learned a level 4 spell: Dispel Undead
 40567 | Snake:1  | Reached skill level 15 in Ranged Weapons
 40654 | Snake:1  | Noticed Aizul
 40695 | Snake:1  | Killed Aizul
 40696 | Snake:1  | Reached skill level 1 in Necromancy
 41177 | Snake:2  | Found the +9 staff of Wucad Mu {*channel}
 41183 | Snake:2  | Reached XP level 16. HP: 81/81 MP: 33/33
 43365 | Snake:2  | You fall into a shaft and drop 1 floor!
 43368 | Snake:3  | Noticed Vashnia
 44159 | Snake:2  | Reached skill level 10 in Hexes
 44798 | Snake:2  | Learned a level 3 spell: Portal Projectile
 44802 | Snake:2  | Learned a level 3 spell: Vampiric Draining
 44894 | Snake:1  | Bought an amulet of reflection for 420 gold pieces
 45020 | Snake:3  | Reached skill level 5 in Necromancy
 45535 | Snake:3  | Found a snail-covered altar of Cheibriados.
 45782 | Snake:3  | Noticed Asterion
 45839 | Snake:3  | Noticed Mlioglotl
 46202 | Snake:3  | Killed Mlioglotl
 46500 | Snake:3  | Reached skill level 16 in Ranged Weapons
 47206 | Snake:3  | Killed Vashnia
 47765 | Snake:4  | Entered Level 4 of the Snake Pit
 48095 | Snake:4  | Reached skill level 1 in Translocations
 48463 | Snake:4  | Found Adupnir's Armour Boutique.
 48465 | Snake:4  | Found Mahijys's General Store.
 48468 | Snake:4  | Found Waexyd's Book Boutique.
 48476 | Snake:4  | Bought a scroll of fear for 84 gold pieces
 48478 | Snake:4  | Bought a book of Sloth for 684 gold pieces
 48478 | Snake:4  | Bought a book of Maledictions for 494 gold pieces
 48483 | Snake:4  | Learned a level 4 spell: Anguish
 48762 | Snake:4  | Found Zerivull's Armour Boutique.
 48879 | Snake:4  | Reached XP level 17. HP: 18/85 MP: 34/34
 48890 | Snake:4  | Killed from afar by a nagaraja

Illustrated notes

Levels and vault maps discovered:
D:1:      dpeg_arrival_tiny_a, layout_basic
D:2:      layout_basic, serial_shops, nicolae_shop_behind_doors,
          nicolae_shop_statue_plus, nicolae_shop_waterfront, shop,
          nicolae_shop_hallway_plus, nicolae_ecumenical_pavilion,
          minmay_misc_feat_columns, dreamdust_wishing_well, uniq_sigmund
D:3:      layout_rooms, makhleb_altar_promises_db,
          eat_drink_and_be_merry_uskayaw, hangedman_decor_push, uniq_robin
D:4:      layout_gridville, chequers_serial_rivers_marsh, uniq_natasha
D:5:      layout_loops_cross, lemuel_crystal_altar, corexii_hall_statues_l,
          bh_walls_and_bars
D:6:      layout_cave_pools, mainiacjoe_overflow_catwalk_spiral,
          minmay_temple_entry_ruins, uniq_eustachio
D:7:      layout_rooms, chequers_ossuary_entry_cave
D:8:      layout_loops_ring, minmay_lair_entry_grove,
          gammafunk_ghost_abyssal_escape, uniq_joseph, uniq_erica, uniq_psyche
D:9:      layout_big_octagon, uniq_maggie, uniq_prince_ribbit1
D:10:     layout_roguey, minmay_orc_entry_guard_dogs
D:11:     layout_basic
D:12:     layout_layer_cave, gauntlet_entry_generic,
          nicolae_elyvilon_temple_path
D:13:     layout_cave_pools, erik_vaults_1, nicolae_dithmenos_shadow_blocks
D:14:     layout_basic, patterned_corridor, enter_trove_3, special_room
          [special_room_mythical_zoo], minmay_beelzebubs_servants
D:15:     gammafunk_enter_depths_forms, layout_loops_ring,
          hangedman_abyss_or_decor_passed, st_stairs_1, uniq_rupert
Lair:1:   layout_long_grid
Lair:2:   layout_gridlike
Lair:3:   layout_hall_layers, minmay_shoals_entry_beasts,
          guppyfry_snake_entry_garden, lightli_volcano_entry_magma_tube,
          lemuel_fruit_fields
Lair:4:   layout_loops_ring, forest_entry_grove
Lair:5:   gammafunk_lair_ancient_temple, layout_regular_city, slime_entry_1,
          serial_bayou_pond_a
Snake:1:  layout_gridlike, minmay_shop_grove, nicolae_triple_integral,
          lemuel_fruit_tree, uniq_aizul, uniq_azrael
Snake:2:  layout_misc_corridors, nicolae_snake_round_shape_thing, drop_trap,
          nicolae_snake_single_loop
Snake:3:  layout_layer_cave, lemuel_oklob_altar, uniq_vashnia, uniq_asterion,
          uniq_mlioglotl
Snake:4:  hellmonk_snake_rune_quicksilver_temple, layout_cave_town,
          serial_shops, shop_fountains, minmay_shop_star, serial_bayou_shore_a
Orc:1:    layout_caves, elf_legates
Orc:2:    st_orc_mages, layout_caves, portal_ice_cave_rime

Skill      XL: |  1  2  3  4  5  6  7  8  9 10 11 12 13 14 15 16 |
---------------+-------------------------------------------------+-----
Stealth        | 6 7 8 10 11 13 | 13.8
Dodging        | 2 3 4 5 7 8 10 | 10.7
Short Blades   | 3 4 5 6 7 9 13 14 | 14.0
Spellcasting   | 9 12 | 12.1
Transmutations | 6 8 |  8.0
Evocations     | 10 12 | 12.0
Fighting       | 8 |  8.0
Ranged Weapons | 3 12 15 16 | 16.0
Hexes          | 7 11 | 11.7
Necromancy     | 1 6 |  6.9
Translocations | 3 |  3.7
Throwing       | |  2.2

Action                   |  1- 3 |  4- 6 |  7- 9 | 10-12 | 13-15 | 16-18 || total
-------------------------+-------+-------+-------+-------+-------+-------++-------
Melee: Dagger            |    88 |   153 |    75 |       |       |       ||   316
       Punch             |       |     2 |     3 |    14 |    16 |     1 ||    36
       Short sword       |       |     4 |    95 |       |    92 |     6 ||   197
       Rapier            |       |       |    98 |   688 |   768 |    36 ||  1590
       Scimitar          |       |       |       |     7 |       |       ||     7
       Kick              |       |       |       |       |    20 |       ||    20
       Headbutt          |       |       |       |       |    14 |       ||    14
 Fire: Shortbow          |       |       |       |     4 |   575 |   466 ||  1045
       Sling             |       |       |       |     1 |       |       ||     1
Throw: Dart              |     2 |     1 |    29 |     6 |     3 |       ||    41
       Boomerang         |       |     2 |    12 |     5 |       |       ||    19
 Cast: Beastly Appendage |       |       |       |       |     5 |       ||     5
       Wereblood         |       |       |       |       |     8 |     6 ||    14
       Portal Projectile |       |       |       |       |       |     6 ||     6
       Summon Guardian G |       |       |       |       |       |     1 ||     1
Invok: Call Merchant     |       |       |       |       |     2 |       ||     2
       Potion Petition   |       |       |       |       |     1 |     1 ||     2
Evoke: Wand              |       |     2 |     5 |     8 |    31 |     7 ||    53
       Lightning rod     |       |       |       |       |     4 |     6 ||    10
       Box of beasts     |       |       |       |       |       |     1 ||     1
  Use: Scroll            |     6 |     8 |    10 |     7 |    10 |     5 ||    46
       Potion            |       |       |       |     4 |     6 |     6 ||    16
 Stab: Sleeping          |     8 |     7 |    20 |    23 |    15 |       ||    73
       Distracted        |       |     2 |     5 |     5 |     6 |       ||    18
       Invisible         |       |       |       |     2 |     4 |       ||     6
       Paralysed         |       |       |       |       |     7 |       ||     7
Armor: Robe              |     6 |     9 |     8 |    32 |     6 |       ||    61
       Steam dragon scal |       |       |       |       |    50 |    14 ||    64
Dodge: Dodged            |    54 |    93 |   156 |   428 |   730 |   168 ||  1629
Block: Other             |       |       |       |       |       |    13 ||    13
       Reflection        |       |       |       |       |       |     6 ||     6

Table legend: (Time is in decaauts)
 A = Elapsed time spent in this place.
 B = Non-inter-level travel time spent in this place.
 C = Inter-level travel time spent in this place.
 D = Time resting spent in this place.
 E = Time spent auto-exploring this place.
 F = Levels seen in this place.
 G = Mean time per level.
                   A        B        C        D        E       F      G
               +--------+--------+--------+--------+--------+-----+--------+
         Total |  39052 |  37304 |   1748 |  19573 |   9396 |  28 | 1394.7 |
       Dungeon |  19353 |  18186 |   1167 |   9264 |   5272 |  15 | 1290.2 |
          Lair |   8121 |   7823 |    298 |   3972 |   1653 |   5 | 1624.2 |
     Snake Pit |   8308 |   8063 |    245 |   4880 |   1690 |   4 | 2077.0 |
  Orcish Mines |   1489 |   1452 |     37 |    344 |    767 |   2 |  744.5 |
       Ossuary |    912 |    912 |      0 |    608 |     13 |   1 |  912.0 |
      Gauntlet |    866 |    866 |      0 |    504 |      0 |   1 |  866.0 |
               +--------+--------+--------+--------+--------+-----+--------+

Top non-repeatable levels by time:
  Lair:5: 3060 daAuts
 Snake:1: 2868 daAuts
 Snake:3: 2400 daAuts
    D:13: 2329 daAuts
 Snake:2: 2243 daAuts
     D:2: 2117 daAuts
    D:12: 2002 daAuts
     D:1: 1628 daAuts
  Lair:4: 1620 daAuts
  Lair:3: 1475 daAuts
     D:8: 1374 daAuts
    D:14: 1328 daAuts
     D:7: 1322 daAuts
     D:4: 1260 daAuts
     D:6: 1218 daAuts
